 Dungeon Crawl Stone Soup version 0.27.1-16-g815e20cd7a (webtiles) character file.

Game seed: 13338061907180422813

84 zeram the Sneak (level 4, -3/33 HPs)
             Began as a Demonspawn Brigand on Nov 21, 2021.
             Was an Initiate of Gozag.
             Slain by a gnoll (8 damage)
             ... on level 3 of the Dungeon.
             The game lasted 00:03:44 (2409 turns).

zeram the Sneak (Demonspawn Brigand)                Turns: 2409, Time: 00:03:44

Health: -3/33      AC:  5    Str: 12    XL:     4   Next: 24%
Magic:  4/4        EV: 12    Int: 13    God:    Gozag
Gold:   99         SH:  0    Dex: 14    Spells: 3/3 levels left

rFire    . . .     SeeInvis .   a - +5 dagger
rCold    . . .     Faith    .   (no shield)
rNeg     . . .     Spirit   .   b - +0 robe
rPois    .         Reflect  .   (no helmet)
rElec    .         Harm     .   c - +0 cloak
rCorr    .         Rampage  .   (no gloves)
Will     .....                  (no boots)
Stlth    +++.......             (no amulet)
HPRegen  0.11/turn              (no ring)
MPRegen  0.09/turn              (no ring)

@: no status effects
A: molten scales 1, powered by death 1
a: Renounce Religion, Potion Petition, Call Merchant, Bribe Branch


You were on level 3 of the Dungeon.
You worshipped Gozag.
Gozag was noncommittal.
You visited 1 branch of the dungeon, and saw 3 of its levels.

You collected 102 gold pieces.
You paid 3 gold pieces to Gozag.

Inventory:

Hand Weapons
 a - a +5 dagger (weapon)
Missiles
 d - 8 poisoned darts (quivered)
 e - 2 curare-tipped darts
 h - a throwing net
Armour
 b - a +0 robe (worn)
 c - a +0 cloak (worn)
Jewellery
 i - a ring of ice
Scrolls
 g - 2 scrolls of identify {unknown}
Potions
 f - 2 potions of flight {unknown}
 j - 2 potions of might {unknown}


   Skills:
 - Level 2.0 Fighting
 + Level 2.4 Short Blades
 - Level 1.7 Throwing
 + Level 1.5 Dodging
 + Level 4.9 Stealth


You had 3 spell levels left.
You didn't know any spells.
Your spell library contained the following spells:

 Spells                   Type           Power      Damage    Failure   Level
 Gell's Gravitas          Tloc           0%         N/A       67%         3
 Lesser Beckoning         Tloc           0%         N/A       67%         3
 Teleport Other           Tloc           0%         N/A       67%         3


Dungeon Overview and Level Annotations

Branches:
Dungeon (3/15)

Altars:
Gozag


Innate Abilities, Weirdness & Mutations

You are partially covered in molten scales. (AC +2)
You regenerate a little health from kills.


Message History

You closely miss the gnoll.
The gnoll is heavily wounded.
The gnoll barely misses you.
You hit the gnoll.
The gnoll is almost dead.
The gnoll hits you but does no damage.
You puncture the gnoll!
You kill the gnoll!
You barely miss the gnoll. The gnoll hits you but does no damage.
You completely miss the gnoll. The gnoll barely misses you.
You hit the gnoll.
The gnoll is lightly wounded.
The gnoll hits you with a +0 club.
You closely miss the gnoll.
The gnoll is lightly wounded.
The gnoll hits you with a +0 club.
You hit the gnoll.
The gnoll is moderately wounded.
The gnoll barely misses you.
You hit the gnoll.
The gnoll is heavily wounded.
You barely miss the gnoll.
The gnoll is heavily wounded.
The gnoll misses you.
You barely miss the gnoll.
The gnoll is heavily wounded.
The gnoll hits you with a +0 club.
You hit the gnoll.
The gnoll is severely wounded.
The gnoll hits you with a +0 club!
* * * LOW HITPOINT WARNING * * *
You hit the gnoll.
The gnoll is severely wounded.
The gnoll closely misses you.
Okay, then.
You hit the gnoll.
The gnoll is almost dead.
The gnoll hits you with a +0 club!
You die...
Your body crumbles into a pile of gold.

+.........
#......#.# .
.........#######. .#
#.g..g.......
.#######..##........
.##...##.g########..
.##...##..#
.##...##..########
.##...##....$$.g@+
............######
.##...##..###
.............
...........###
#............
#...........##
#...........#
#...........#


You could see a gnoll.

Vanquished Creatures
  2 gnolls (D:3)
  An adder (D:2)
  2 worms (D:2)
  6 bats
  2 endoplasms
  5 giant cockroaches
  4 goblins (D:2)
  5 hobgoblins
  3 jackals (D:1)
  2 quokkas
  4 ball pythons (D:1)
  4 frilled lizards
  5 kobolds
  3 rats (D:1)
48 creatures vanquished.

Notes
Turn   | Place    | Note
-------+----------+-------------------------------------------
     0 | D:1      | zeram the Demonspawn Brigand began the quest for the Orb.
     0 | D:1      | Reached XP level 1. HP: 16/16 MP: 1/1
   342 | D:1      | Found a faded altar of an unknown god.
   436 | D:1      | Reached skill level 4 in Stealth
   464 | D:1      | Gained mutation: You are partially covered in molten
                  | scales. (AC +2) [demonic ancestry]
   464 | D:1      | Reached XP level 2. HP: 22/22 MP: 2/2
   551 | D:1      | Reached skill level 1 in Dodging
   969 | D:1      | Reached XP level 3. HP: 26/27 MP: 3/3
  1233 | D:2      | Found an opulent altar of Gozag.
  1250 | D:2      | Became a worshipper of Gozag Ym Sagoz the Greedy
  2387 | D:3      | Gained mutation: You regenerate a little health from kills.
                  | [demonic ancestry]
  2387 | D:3      | Reached XP level 4. HP: 27/33 MP: 4/4
  2409 | D:3      | Slain by a gnoll

Illustrated notes

Levels and vault maps discovered:
D:1:      dpeg_arrival_pits, layout_rooms, chequers_ecumenical_altar_island,
          serial_curves, eino_curves_03, eino_curves_04, patterned_corridor
D:2:      layout_basic, basic_altar, minmay_tetromino_i2
D:3:      layout_basic, nicolae_elyvilon_temple_path, slow_altar_2, uniq_grinder

Skill      XL: |  1  2 |
---------------+-------+-----
Stealth        | 4 |  4.9
Dodging        | 1 |  1.5
Short Blades   | 2 |  2.4
Fighting       | |  2.0
Throwing       | |  1.7

Action                   |  1- 3 |  4- 6 || total
-------------------------+-------+-------++-------
Melee: Dagger            |   123 |    20 ||   143
Throw: Dart              |    11 |       ||    11
  Use: Scroll            |     3 |       ||     3
 Stab: Sleeping          |    10 |       ||    10
Armor: Robe              |    35 |     2 ||    37
Dodge: Dodged            |    56 |     8 ||    64
